Map: Terraform LE (Void)

Players

IDFMP - Winner!

  • Race: Zerg Zerg
  • League: Grandmaster

SticklerMac

  • Race: Zerg Zerg

VOD

Have the link to the VOD?

Description

Time

  • Played on: Aug. 6, 2015, 5:31 p.m.
  • Length: 6:48
Show
View Real Time Build Order
Export as new Build Order

IDFMP Zerg - Winner!

Build Orders: Pool First, Zergling Baneling 

Get SALT Encoding   

  12  0:10  Drone x2  
  14  0:17  Extractor  
  14  0:19  Overlord  
  13  0:25  Drone  
  14  0:42  Spawning Pool  
  14  0:45  Drone  
  15  0:50  Drone  
  15  0:55  Drone  
  16  1:24  Hatchery  
  15  1:34  Queen  
  15  1:39  Zergling x2  
  18  1:43  Zergling x2  
  19  1:48  Drone  
  20  1:56  Metabolic Boost  
  20  2:02  Drone  
  21  2:09  Overlord  
  21  2:17  Drone  
  22  2:30  Zergling x2  
  22  2:36  Zergling x2  
  24  2:45  Zergling x8  
  24  2:46  Zergling x2  
  24  2:49  Zergling x2  
  30  2:59  Zergling x2  
  30  3:02  Zergling x2  
  30  3:03  Zergling x2  
  33  3:10  Baneling Nest  
  33  3:11  Drone  
  33  3:12  Overlord  
  33  3:25  Overlord  
  33  3:31  Zergling x2  
  33  3:32  Queen  
  36  3:37  Zergling x4  
  38  3:48  Zergling x2  
  39  3:49  Zergling x2  
  39  3:50  Zergling x2  
  41  3:56  Baneling  
  41  3:57  Baneling x3  
  41  3:58  Baneling  
  41  4:01  Drone  
  42  4:07  Baneling  
  42  4:09  Drone  
  41  4:28  Zergling x12  
  47  4:43  Baneling x8  
  47  4:44  Baneling x2  
  47  4:49  Drone  
  47  4:52  Drone  
  37  5:31  Drone  
  37  5:32  Drone x8  
  37  5:34  Queen  
  48  5:48  Evolution Chamber  
  47  5:53  Spine Crawler  
  46  6:00  Spine Crawler  
  45  6:04  Spine Crawler  
  45  6:09  Zergling x6  
  47  6:12  Evolution Chamber  
  47  6:17  Roach Warren  
  45  6:23  Baneling x3  
  45  6:26  Zergling x2  
  45  6:27  Zergling x4  
  45  6:30  Drone  
  49  6:38  Spine Crawler  
Show
View Real Time Build Order
Export as new Build Order

SticklerMac Zerg 

Build Orders: Pool First 

Get SALT Encoding   

  12  0:01  Drone  
  13  0:08  Drone  
  14  0:27  Spawning Pool  
  13  0:35  Overlord  
  13  0:41  Drone  
  14  0:45  Extractor  
  14  0:46  Drone  
  14  0:55  Drone  
  15  0:59  Drone  
  16  1:10  Drone  
  17  1:22  Zergling x2  
  17  1:23  Queen  
  20  1:29  Drone  
  21  1:41  Zergling x2  
  22  1:51  Hatchery  
  21  1:57  Zergling x2  
  22  2:02  Metabolic Boost  
  22  2:19  Overlord x2  
  22  2:30  Overlord  
  22  2:43  Zergling x2  
  22  2:44  Zergling x6  
  26  2:54  Zergling x4  
  28  3:06  Zergling x4  
  30  3:15  Zergling x4  
  31  3:26  Zergling x4  
  32  3:34  Zergling x6  
  32  3:35  Zergling x2  
  36  3:51  Zergling x4  
  36  3:52  Baneling Nest, Zergling x4  
  39  4:04  Zergling x4  
  41  4:10  Zergling x4  
  39  4:23  Zergling x8  
  38  4:34  Zergling x4  
  38  4:37  Zergling x2  
  38  4:38  Zergling x2  
  42  4:44  Baneling x3  
  42  4:45  Baneling  
  42  4:53  Zergling x4  
  44  5:00  Baneling  
  44  5:01  Baneling  
  31  5:25  Zergling x8  
  31  5:26  Zergling x4  
  24  5:37  Queen  
  24  5:38  Zergling x2  
  27  5:47  Baneling x4  
  27  5:50  Zergling x2  
  28  6:00  Drone x2  
  30  6:08  Zergling x4  
  30  6:10  Zergling x2  
  33  6:23  Zergling x2  
  35  6:46  Hatchery  
Tags
 
Add a new tag
Caveats
  • Supply blocks, unpowered buildings, or Contaminate may cause inaccurate times.
  • Supply counts are checked every 10 seconds.